 Dungeon Crawl Stone Soup version 0.27-b1-2-g8387495791 (webtiles) character file.

Game seed: 2194184163503328146

1946 ZARRMARR the Cleaver (level 9, -1/78 HPs)
             Began as a Hill Orc Berserker on July 25, 2021.
             Was a Priest of Trog.
             Slain by an unseen horror (2 damage)
             ... on level 6 of the Dungeon.
             The game lasted 00:53:48 (6322 turns).

ZARRMARR the Cleaver (Hill Orc Berserker)           Turns: 6322, Time: 00:53:48

Health: -1/78      AC:  5    Str: 23    XL:     9   Next: 18%
Magic:  9/9        EV: 13    Int:  7    God:    Trog [***...]
Gold:   240        SH:  0    Dex: 10    Spells: 8/8 levels left

rFire    . . .     SeeInvis .   a - +0 hand axe
rCold    . . .     Faith    .   (no shield)
rNeg     . . .     Spirit   .   b - +1 animal skin
rPois    .         Reflect  .   (no helmet)
rElec    .         Harm     .   x - +0 cloak
rCorr    .         Rampage  .   e - +0 pair of gloves
Will     .....                  (no boots)
Stlth    ++........             (no amulet)
HPRegen  0.23/turn              (no ring)
MPRegen  0.11/turn              (no ring)

@: on berserk cooldown, slowed, invisible, very slow
A: no striking features
a: Renounce Religion, Berserk, Trog's Hand


You were on level 6 of the Dungeon.
You worshipped Trog.
Trog was most pleased with you.
You visited 1 branch of the dungeon, and saw 6 of its levels.

You collected 240 gold pieces.

Inventory:

Hand Weapons
 a - a +0 hand axe (weapon)
 i - a +3 short sword of draining
 p - a +2 whip of flaming
Missiles
 h - 98 bolts
 j - 144 arrows
 l - 121 stones (quivered)
Armour
 b - a +1 animal skin (worn)
 e - a +0 pair of gloves (worn)
 x - a +0 cloak (worn)
Jewellery
 d - a ring of see invisible
 C - an amulet of magic regeneration
Wands
 f - a wand of acid (11)
 y - a wand of flame (16)
Scrolls
 k - a scroll of enchant armour
 o - 3 scrolls of teleportation
 r - a scroll of blinking
 s - 2 scrolls of immolation
 t - a scroll of noise {unknown}
 w - a scroll of magic mapping
 B - a scroll of identify
Potions
 c - 4 potions of curing
 m - 2 potions of attraction
 n - 2 potions of invisibility
 q - a potion of lignification
 u - a potion of degeneration {unknown}
 v - 2 potions of mutation
 z - a potion of resistance {unknown}
 A - a potion of cancellation {unknown}


   Skills:
 + Level 6.6 Fighting
 + Level 9.9 Axes
 + Level 4.7 Throwing
 + Level 2.3 Armour
 + Level 4.4 Dodging
 + Level 2.8 Stealth


You had 8 spell levels left.
You didn't know any spells.
Your spell library contained the following spells:

 Spells                   Type           Power      Damage    Failure   Level
 Call Canine Familiar     Summ           0%         N/A       80%         3
 Portal Projectile        Hex/Tloc       0%         N/A       80%         3
 Summon Guardian Golem    Hex/Summ       0%         N/A       80%         3
 Leda's Liquefaction      Hex/Erth       0%         N/A       99%         4
 Fireball                 Conj/Fire      0%         3d3       100%        5
 Starburst                Conj/Fire      0%         8x6d3     100%        6
 Orb of Destruction       Conj           0%         N/A       100%        7
 Spellforged Servitor     Conj/Summ      0%         N/A       100%        7
 Ignition                 Fire           0%         3d3       100%        8


Dungeon Overview and Level Annotations

Branches:
Dungeon (6/15)             Temple (0/1) D:4

Altars:


Message History

You slash the ice beast!
You kill the ice beast!
Trog accepts your kill.
You closely miss something. Something hits you! Something hits you.
You feel a strong urge to attack something.
Something hits you.
You are no longer berserk.
You are exhausted.
You feel yourself slow down.
You completely miss something. Something barely misses you. Something hits you.
You miss something. Something hits you but does no damage.
Throw: 121 stones
Press: ? - help, Q - select action, (/) - cycle Shift-Dir - straight line, f - you
Okay, then.
Something hits you but does no damage. x2
You miss something. Something hits you! Something hits you but does no damage.
Something hits you. Something hits you. Something hits you!
Something hits you. x2
You feel much better. Something hits you. Something hits you.
Something hits you. Something hits you! Something hits you. Something hits you.
Something hits you. Something hits you!
* * * LOW HITPOINT WARNING * * *
Something hits you.
* * * LOW HITPOINT WARNING * * *
Something hits you.
* * * LOW HITPOINT WARNING * * *
You see here a stone.
Something hits you!
* * * LOW HITPOINT WARNING * * *
You see here a javelin.
You fade into invisibility!
Something hits you.
* * * LOW HITPOINT WARNING * * *
Something hits you.
You die...

...............
........................
........................
........................
........................
#...........(.........†...
#.........................
........(.....<...........
#.......@................
##.......((...............
...........(..............
..........................
..........................
..........................
......!...................
..........................
..........................


There were no monsters in sight!

Vanquished Creatures
  Pikel (D:4)
  The ghost of Fesmalaff the Sneak, an amateur KoBr (D:4)
  A black bear (D:5)
  An ice beast (D:6)
  An ogre (D:5)
  A lemure (D:4)
  A centaur (D:4)
  A phantom (D:5)
  6 scorpions
  A water moccasin zombie (D:5)
  3 hounds
  3 jellies
  A bullfrog skeleton (D:6)
  Terence (D:2)
  2 iguanas
  3 orc wizards (D:5)
  A hound zombie (D:4)
  3 adders (D:4)
  2 worms
  A dart slug (D:4)
  16 orcs
  5 bats
  4 endoplasms
  5 giant cockroaches
  7 goblins
  7 hobgoblins
  6 jackals
  6 kobolds
  A quokka (D:4)
  5 ball pythons
  4 frilled lizards
  4 rats
105 creatures vanquished.

Notes
Turn   | Place    | Note
-------+----------+-------------------------------------------
     0 | D:1      | ZARRMARR the Hill Orc Berserker began the quest for the
                  | Orb.
     0 | D:1      | Reached XP level 1. HP: 19/19 MP: 1/1
   188 | D:1      | Reached XP level 2. HP: 27/27 MP: 2/2
   750 | D:1      | Reached XP level 3. HP: 29/33 MP: 3/3
   815 | D:1      | Reached ** piety under Trog
  1531 | D:2      | Noticed Terence
  1547 | D:2      | Killed Terence
  1548 | D:2      | Reached skill level 5 in Axes
  1548 | D:2      | Reached XP level 4. HP: 27/40 MP: 4/4
  2398 | D:3      | Found a faded altar of an unknown god.
  3115 | D:4      | Found a runed translucent door.
  3116 | D:4      | Noticed Fesmalaff's ghost (amateur KoBr)
  3151 | D:4      | Killed Fesmalaff's ghost
  3152 | D:4      | Reached skill level 6 in Axes
  3152 | D:4      | Reached skill level 1 in Throwing
  3152 | D:4      | Reached skill level 1 in Stealth
  3152 | D:4      | Reached XP level 5. HP: 28/47 MP: 5/5
  3152 | D:4      | Reached XP level 6. HP: 33/55 MP: 6/6
  3373 | D:4      | Found a staircase to the Ecumenical Temple.
  3595 | D:4      | Noticed Pikel
  3610 | D:4      | Killed Pikel
  3611 | D:4      | Reached skill level 5 in Fighting
  3611 | D:4      | Reached skill level 8 in Axes
  3611 | D:4      | Reached XP level 7. HP: 35/61 MP: 7/7
  4122 | D:4      | Reached XP level 8. HP: 69/69 MP: 8/8
  4264 | D:5      | Entered Level 5 of the Dungeon
  4385 | D:5      | Reached *** piety under Trog
  4780 | D:5      | Reached skill level 9 in Axes
  5830 | D:6      | Reached XP level 9. HP: 75/78 MP: 9/9
  6322 | D:6      | HP: 1/78 [something (4)]
  6322 | D:6      | Slain by an unseen horror

Illustrated notes

Levels and vault maps discovered:
D:1:      mushboom_english_gardens, layout_basic
D:2:      layout_basic, hangedman_glass_teeth, uniq_terence
D:3:      layout_loops_ring, ebering_ecumenical_altar_sacrificial,
          hangedman_abyss_or_decor_lesser_grid
D:4:      minmay_clustersquares, layout_cave_pools,
          minmay_temple_entry_offerings, ebering_ghost_inner_flame, uniq_pikel
D:5:      layout_gridville
D:6:      layout_basic, minmay_misc_feat_tiny, serial_park_tiny_pond,
          corexii_hall_statues_l

Skill      XL: |  1  2  3  4  5  6  7  8 |
---------------+-------------------------+-----
Fighting       | 4 5 6 |  6.6
Dodging        | 2 3 4 |  4.4
Axes           | 5 6 8 9 |  9.9
Throwing       | 1 2 3 4 |  4.7
Stealth        | 1 2 |  2.8
Armour         | |  2.3

Action                   |  1- 3 |  4- 6 |  7- 9 || total
-------------------------+-------+-------+-------++-------
Melee: Hand axe          |   127 |    81 |   138 ||   346
Throw: Javelin           |       |    28 |    38 ||    66
       Stone             |       |       |    15 ||    15
Invok: Berserk           |     1 |     2 |     8 ||    11
  Use: Scroll            |     4 |     2 |     5 ||    11
       Potion            |       |       |     3 ||     3
Armor: Animal skin       |    26 |    26 |    29 ||    81
Dodge: Dodged            |    69 |    41 |    71 ||   181
